 Dungeon Crawl Stone Soup version 0.30-b1-7-gcb88a99046 (webtiles) character file.

Game seed: 15078928393325011747

36 KittyFluff the Cudgeller (level 3, -1/34 HPs)
             Began as a Gargoyle Berserker on May 5, 2023.
             Was a Believer of Trog.
             Slain by Sigmund
             ... wielding a +0 scythe
              (12 damage)
             ... on level 2 of the Dungeon.
             The game lasted 00:04:52 (1130 turns).

KittyFluff the Cudgeller (Gargoyle Berserker)       Turns: 1130, Time: 00:04:53

Health: -1/34      AC:  6    Str: 20    XL:     3   Next: 37%
Magic:  3/3        EV: 11    Int:  7    God:    Trog [**....]
Gold:   87         SH:  0    Dex: 11    Spells: 2/2 levels left

rFire   . . .        a - +0 mace
rCold   . . .        (no shield)
rNeg    + . .        d - +0 leather armour
rPois   ∞            (no helmet)
rElec   +            (no cloak)
rCorr   .            (no gloves)
SInv    .            (no boots)
Will    .....        (no amulet) Stlth
                     (no ring)
HPRegen 0.25/turn    (no ring)
MPRegen 0.08/turn

%: no passive effects
@: berserking, very quick
A: sickness immunity, AC +3, negative energy resistance 1, electricity
resistance, torment resistance 1, petrification resistance
a: Renounce Religion, Berserk, Trog's Hand


You were on level 2 of the Dungeon.
You worshipped Trog.
Trog was pleased with you.
You visited 1 branch of the dungeon, and saw 2 of its levels.

You collected 87 gold pieces.

Inventory:

Hand Weapons
 a - a +0 mace (weapon)
Armour
 d - a +0 leather armour (worn)
Scrolls
 b - 2 scrolls of teleportation {unknown}
 c - a scroll of noise {unknown}
 e - a scroll of blinking {unknown}
 h - a scroll of vulnerability {unknown}
Potions
 f - a potion of might
 g - a potion of curing {unknown}


   Skills:
 + Level 3.4 Fighting
 + Level 3.9 Maces & Flails
 + Level 2.4 Armour
 + Level 1.9 Dodging


You had 2 spell levels left.
You didn't know any spells.
Your spell library was empty.

Dungeon Overview and Level Annotations

Branches:
Dungeon (2/15)

Altars:

Annotations:
D:2 Sigmund


Innate Abilities, Weirdness & Mutations

You are immune to sickness and miasma.
Your stone body is resilient. (AC +3)
You are immune to poison.
You resist negative energy. (rN+)
You are resistant to electric shocks. (rElec)
You are resistant to unholy torment.
You are immune to petrification.


Message History

You see here a scroll labelled ESMICK NAGUMY.
b - 2 scrolls labelled ESMICK NAGUMY (gained 1)
There is a stone staircase leading up here.
You hit the rat but do no damage. The rat bites you but does no damage.
You sock the rat!
You kill the rat!
Trog accepts your kill.
You see here a rat corpse.
You see here a rat corpse.
There is a stone staircase leading up here.
Found a rapier.
Sigmund the Dreaded comes into view.
He is wielding a +0 scythe.
Sigmund shouts!
You hear a shout!
Sigmund hits you from afar with a +0 scythe.
Sigmund gestures at you while chanting. The puff of flame hits you!
You hit Sigmund.
Sigmund is lightly wounded.
Sigmund points at you and mumbles some strange words.
The magic dart hits you.
* * * LOW HITPOINT WARNING * * *
A kobold comes into view. It is wielding a +0 whip.
Sigmund misses you.
A red film seems to cover your vision as you go berserk!
You feel yourself moving faster!
You feel mighty!
You hit Sigmund.
Sigmund is lightly wounded.
Sigmund barely misses you.
You hit Sigmund.
Sigmund is moderately wounded.
You closely miss Sigmund.
Sigmund is moderately wounded.
Sigmund drinks a potion.
Sigmund seems to grow stronger.
You closely miss Sigmund.
Sigmund is moderately wounded.
Sigmund gestures wildly while chanting.
Sigmund flickers and vanishes!
Deactivating autopickup; reactivate with Ctrl-A.
You closely miss something. Something hits you!
You die...

. .# #.
#..# ).
...# .
####..#
#.
#.@{K.#
#.#
#.###.#
#..##.#
##....#
#....##
#.##.#
# #.#
... #.#
..##
#.#
.....


You could see a kobold.

Vanquished Creatures
  A dart slug (D:1)
  2 ball pythons (D:1)
  3 bats (D:1)
  3 endoplasms (D:1)
  3 giant cockroaches (D:1)
  4 goblins (D:1)
  A hobgoblin (D:1)
  4 jackals (D:1)
  3 kobolds (D:1)
  A quokka (D:1)
  A frilled lizard (D:1)
  3 rats
29 creatures vanquished.

Notes
Turn   | Place    | Note
-------+----------+-------------------------------------------
     0 | D:1      | KittyFluff the Gargoyle Berserker began the quest for the
                  | Orb.
     0 | D:1      | Reached XP level 1. HP: 14/14 MP: 1/1
   180 | D:1      | Reached XP level 2. HP: 19/19 MP: 2/2
   496 | D:1      | Reached XP level 3. HP: 12/23 MP: 3/3
   635 | D:1      | Found a faded altar of an unknown god.
   860 | D:1      | Reached ** piety under Trog
  1121 | D:2      | Noticed Sigmund
  1130 | D:2      | Slain by Sigmund

Illustrated notes

Levels and vault maps discovered:
D:1:      dpeg_arrival_short_road, layout_loops_corners,
          ebering_ecumenical_altar_hall, minivault_23
D:2:      layout_rooms, uniq_sigmund

Action                     || total
---------------------------++-------
  Melee: Mace              ||    98
         Punch             ||     1
 Invoke: Berserk           ||     1
 Armour: Leather armour    ||    55
  Dodge: Dodged            ||    70
